AoeStats
← tigremaster

Nomad

509422471Analyzed
4v4 RM · 6d ago on Sep 26, 2026· 37m 28s· 8 players
Game mode
Random Map
Map size
231×231
Population
200
Speed
Normal
Resources
Standard
Victory
Conquest
Starting age
Dark Age
Ending age
Imperial Age
RankedLock teamsTeams togetherTeam positionsShared explorationLock speedFull tech treeHidden civsTurbo modeCheats
Victory
Defeat
🇹🇼 Spanish · Taiwan
1175
+13
🇦🇷 Vietnamese · Argentina
1155
+14
🇹🇷 Burgundians · Türkiye
1132
+15
🇲🇽 Huns · Mexico
1110
+16
🇦🇷 Malians · Argentina
1125
-15
🇦🇷 Lithuanians · Argentina
1123
-15
🇮🇹 Vikings · Italy
1119
-15
🇺🇸 Japanese · United States
1082
-13
obi1nekinobi
8:06 Loom
16:00 Feudal Age
16:17 Man-at-Arms
16:48 Fishing Lines
18:33 Wheelbarrow
24:06 Fletching
29:34 Castle Age
31:54 Bodkin Arrow
32:49 Stone Mining
32:51 Horse Collar
36:52 Hand Cart
Mknolix
5:52 Loom
14:05 Feudal Age
14:41 Fishing Lines
14:55 Double-Bit Axe
17:08 Fletching
19:40 Castle Age
21:21 Gillnets
22:33 Wheelbarrow
22:12 Bow Saw
22:45 Bodkin Arrow
23:37 Medium Warships
24:56 Squires
24:58 Scale Mail Armor
25:09 Forging
27:53 Chain Mail Armor
33:17 Horse Collar
35:51 Iron Casting
39:15 Imperial Age
tigremaster
5:13 Loom
15:00 Feudal Age
15:47 Double-Bit Axe
15:55 Gold Mining
18:44 Town Watch
21:28 Castle Age
20:48 Fletching
21:01 Padded Archer Armor
24:29 Stone Mining
25:23 Crossbowman
35:12 Horse Collar
37:24 Wheelbarrow
39:48 Imperial Age
fabio07deluca
6:22 Loom
20:21 Feudal Age
21:41 Double-Bit Axe
21:44 Horse Collar
25:34 Castle Age
26:05 Town Watch
26:37 Bow Saw
26:31 Heavy Plow
26:54 Heavy Plow
36:22 Gold Mining
axlcaduaem
5:04 Loom
14:08 Feudal Age
14:54 Double-Bit Axe
15:00 Gold Mining
20:29 Castle Age
19:21 Stone Mining
19:20 Fishing Lines
20:22 Town Watch
21:15 Wheelbarrow
21:45 Bow Saw
22:11 Medium Warships
22:32 Fletching
24:13 Gillnets
25:10 Ballistics
28:07 Bodkin Arrow
28:40 Hand Cart
28:21 Horse Collar
29:19 Heavy Plow
34:20 Imperial Age
31:54 Marauders
31:52 Demolition Ship
33:42 Scale Barding Armor
34:06 Forging
34:30 Elite Tarkan
35:31 Conscription
35:59 Heavy Warships
36:24 Chain Barding Armor
36:40 Iron Casting
37:47 Chemistry
只會5TC
5:36 Loom
13:28 Feudal Age
18:18 Castle Age
16:12 Fishing Lines
17:09 Double-Bit Axe
25:15 Gillnets
NotGG
4:47 Loom
5:04 Loom
13:06 Feudal Age
14:11 Double-Bit Axe
16:56 Fletching
19:51 Horse Collar
25:04 Castle Age
24:03 Stone Mining
25:43 Wheelbarrow
24:53 Town Watch
26:10 Bow Saw
26:00 Heavy Plow
26:37 Stone Shaft Mining
25:59 Gold Mining
36:10 Imperial Age
35:44 Hand Cart
36:29 Stone Shaft Mining
Jewish MasterMind
3:29 Loom
15:01 Feudal Age
13:56 Fishing Lines
20:18 Castle Age
18:30 Scale Barding Armor
18:40 Forging
19:11 Double-Bit Axe
20:10 Gillnets
20:40 Bow Saw
20:38 Fletching
21:53 Chain Barding Armor
21:50 Bodkin Arrow
21:52 Town Watch
28:25 Wheelbarrow
Connection lost

Rejoining the realm…

Still unreachable

The connection could not be restored.

Session expired

The server has moved on; the page needs a fresh start.